 Dungeon Crawl Stone Soup version 0.27-a0-836-gfc908b8576 (webtiles) character file.

Game seed: 1221098504905703377

35 Aviak the Skirmisher (level 3, 0/30 HPs)
             Began as a Djinni Monk on Mar 31, 2021.
             Splashed by a jelly's acid (12 damage)
             ... on level 4 of the Dungeon.
             The game lasted 00:01:29 (1928 turns).

Aviak the Skirmisher (Djinni Monk)                  Turns: 1928, Time: 00:01:30

Health: 0/30       AC: -1    Str: 10    XL:     3   Next: 35%
Gold:   51         EV: 12    Int: 12    God:
                   SH:  0    Dex: 15

rFire    + + .     SeeInvis .   a - +0 falchion
rCold    x . .     Faith    .   (no shield)
rNeg     . . .     Spirit   .   e - +0 leather armour
rPois    ∞         Reflect  .   (no helmet)
rElec    .         Harm     .   (no cloak)
rCorr    .         Rampage  .   (no gloves)
Will     .....                  (boots unavailable)
Stlth    ++........             (no amulet)
HPRegen  0.10/turn              (no ring)
MPRegen  0.00/turn              (no ring)

@: corroded, flying
A: fire resistance 2, cold vulnerability 1, float, innate caster, hp casting,
extra vitality 1
a: no special abilities


You were on level 4 of the Dungeon.
You visited 1 branch of the dungeon, and saw 3 of its levels.

You collected 51 gold pieces.

Inventory:

Hand Weapons
 a - a +0 falchion (weapon)
Armour
 b - a +0 robe
 e - a +0 leather armour (worn)
Jewellery
 f - an amulet of faith {!P}
Scrolls
 g - 3 scrolls of fear {unknown}
Potions
 c - 2 potions of curing {unknown}
 d - 2 potions of haste {unknown}


   Skills:
 + Level 3.5 Fighting
 + Level 3.1 Long Blades
 - Level 3.2 Dodging
 - Level 1.5 Stealth
 + Level 1.1 Spellcasting


You had 3 spell levels left.
You knew the following spells:

 Your Spells              Type           Power      Damage    Failure   Level
a - Apportation           Tloc           6%         N/A       26%         1
Your spell library was empty.

Dungeon Overview and Level Annotations

Branches:
Dungeon (2/15)

Altars:
Wu Jian


Innate Abilities, Weirdness & Mutations

You are immune to poison.
Your flesh is very heat resistant. (rF++)
You are vulnerable to cold. (rC-)
You float through the air rather than walking.
You learn spells naturally, not from books.
Your magical power is your life essence.
You have superior vitality. (+4 HP)


Message History

There is an open door here.
You see here a bat corpse.
Key pressed, stopping explore.
No target in view!
No target in view!
An endoplasm comes into view.
Found 3 scrolls labelled NUIHIE MIDAO.
An endoplasm is nearby!
An endoplasm is nearby!
An endoplasm is nearby!
The helpless endoplasm fails to defend itself.
You hit the endoplasm.
The endoplasm is moderately wounded.
The endoplasm barely misses you.
You riposte.
You hit the endoplasm but do no damage.
The endoplasm is moderately wounded.
An endoplasm is nearby!
You hit the endoplasm.
You kill the endoplasm!
g - 3 scrolls labelled NUIHIE MIDAO No target in view!
You reach down and open the door.
You are sucked into a shaft and drop 2 floors!
The shaft crumbles and collapses.
Found a chain mail.
Found a leather armour.
Found a stone staircase leading up.
A jelly comes into view.
Found 6 boomerangs.
The jelly quivers.
You hit the jelly.
Your hands burn!
The jelly is moderately wounded.
The jelly hits you. The acid corrodes you!
You are splashed with acid!
You hit the jelly.
Your hands burn!
The jelly is heavily wounded.
The jelly barely misses you.
You hit the jelly but do no damage.
Your hands burn!
The jelly is heavily wounded.
The jelly hits you.
You are splashed with acid!
You die...

....... ......#
######......
#.<.#.....####
#.............
..........≈≈
#######J.......≈≈
#####.#.#.[.@....[.≈≈
...................≈§
...................≈§
....#....#.........≈≈
. #...#####..##....
##### #...# #.. #..##
#..# ....


You could see a jelly.

Vanquished Creatures
  A worm (D:2)
  A ball python (D:1)
  5 endoplasms
  2 goblins (D:1)
  2 hobgoblins (D:1)
  4 jackals (D:1)
  2 quokkas (D:1)
  3 bats
  2 frilled lizards
  2 kobolds
  5 rats
29 creatures vanquished.

Notes
Turn   | Place    | Note
-------+----------+-------------------------------------------
     0 | D:1      | Aviak the Djinni Monk began the quest for the Orb.
     0 | D:1      | Reached XP level 1. HP: 20/20 MP: 0/0
   367 | D:1      | Reached XP level 2. HP: 8/25 MP: 0/0
  1135 | D:1      | Reached skill level 1 in Spellcasting
  1209 | D:1      | Reached XP level 3. HP: 29/30 MP: 0/0
  1209 | D:1      | Learned a level 1 spell: Apportation
  1852 | D:2      | Found an ornate altar of the Wu Jian Council.
  1915 | D:2      | You are sucked into a shaft and drop 2 floors!
  1928 | D:4      | Splashed by a jelly's acid

Illustrated notes

Levels and vault maps discovered:
D:1:      dpeg_arrival_refuge, layout_loops_corners
D:2:      layout_loops_corners, nicolae_wu_jian_immortal_techniques
D:4:      layout_cave_pools, general_overflow_altar,
          nicolae_gozag_cash_rules_everything_around_me, uniq_robin

Skill      XL: |  1  2 |
---------------+-------+-----
Long Blades    | 3 |  3.1
Spellcasting   | 1 |  1.1
Fighting       | |  3.5
Dodging        | |  3.2
Stealth        | |  1.5

Action                   || total
-------------------------++-------
Melee: Falchion          ||    81
 Stab: Sleeping          ||     8
Armor: Robe              ||     8
       Leather armour    ||     3
Dodge: Dodged            ||    53
       Rpst.: Falchion   ||    23

Table legend: (Time is in decaauts)
 A = Elapsed time spent in this place.
 B = Non-inter-level travel time spent in this place.
 C = Inter-level travel time spent in this place.
 D = Time resting spent in this place.
 E = Time spent auto-exploring this place.
 F = Levels seen in this place.
 G = Mean time per level.
                   A        B        C        D        E       F      G
               +--------+--------+--------+--------+--------+-----+--------+
         Total |   1939 |   1884 |     55 |      0 |   1657 |   3 |  646.3 |
       Dungeon |   1939 |   1884 |     55 |      0 |   1657 |   3 |  646.3 |
               +--------+--------+--------+--------+--------+-----+--------+

Top non-repeatable levels by time:
     D:1: 1468 daAuts
     D:2: 458 daAuts
     D:4: 13 daAuts
